AoeStats
← Ady9204

Black Forest

509806778Analyzed
2v2 RM · 5d ago on Sep 28, 2026· 57m 33s· 4 players
Game mode
Random Map
Map size
Medium (4 player)
Population
200
Speed
Normal
Resources
Standard
Victory
Conquest
Starting age
Dark Age
Ending age
Imperial Age
RankedLock teamsTeams togetherTeam positionsShared explorationLock speedFull tech treeHidden civsTurbo modeCheats
Victory
Defeat
🇲🇽 Mongols · Mexico
707
+27
🇨🇴 Burgundians · Colombia
707
+22
🇦🇷 Romans · Argentina
750
-17
🇮🇳 Magyars · India
676
-15
Ady9204
2:09 Loom
12:22 Feudal Age
13:51 Wheelbarrow
13:55 Town Watch
14:05 Man-at-Arms
18:52 Horse Collar
28:09 Bloodlines
34:29 Castle Age
34:15 Double-Bit Axe
34:25 Gold Mining
34:53 Stone Mining
35:25 Bow Saw
35:30 Heavy Plow
37:45 Hand Cart
37:35 Town Patrol
37:48 Fletching
38:10 Forging
46:28 Imperial Age
47:24 Iron Casting
46:49 Scale Mail Armor
46:56 Scale Barding Armor
46:51 Padded Archer Armor
46:47 Bodkin Arrow
46:20 Light Cavalry
47:01 Husbandry
50:14 Nomads
50:35 Drill
49:37 Elite Mangudai
51:00 Heavy Camel Rider
51:05 Cavalier
52:17 Leather Archer Armor
52:51 Chain Mail Armor
55:51 Hoardings
CastWind6346
0:29 Loom
14:24 Feudal Age
12:45 Double-Bit Axe
12:42 Horse Collar
13:40 Gold Mining
15:17 Wheelbarrow
14:57 Town Watch
15:51 Bow Saw
15:44 Heavy Plow
22:28 Castle Age
20:22 Stone Mining
20:53 Scale Barding Armor
21:40 Forging
21:47 Caravan
22:57 Hand Cart
24:21 Stone Shaft Mining
24:30 Iron Casting
28:47 Chain Barding Armor
31:37 Husbandry
30:58 Cavalier
37:16 Imperial Age
36:09 Town Patrol
36:24 Fortified Wall
36:35 Ballistics
36:27 Masonry
36:12 Murder Holes
39:15 Chemistry
38:11 Paladin
39:31 Plate Barding Armor
39:59 Blast Furnace
39:00 Padded Archer Armor
39:13 Guilds
39:35 Coinage
41:06 Conscription
40:53 Burgundian Vineyards
41:24 Hoardings
42:00 Two-Man Saw
41:49 Architecture
41:00 Treadmill Crane
42:05 Fletching
43:14 Bombard Tower
43:09 Devotion
45:25 Leather Archer Armor
47:02 Man-at-Arms
47:44 Squires
47:29 Arson
47:47 Scale Mail Armor
49:51 Chain Mail Armor
49:31 Bodkin Arrow
53:01 Light Cavalry
55:23 Hussar
< parchai>
12:06 Feudal Age
14:30 Double-Bit Axe
14:26 Horse Collar
18:33 Wheelbarrow
20:55 Castle Age
25:48 Heavy Plow
29:04 Treadmill Crane
30:50 Bow Saw
32:32 Corvinian Army
32:25 Gold Mining
32:27 Stone Mining
37:19 Imperial Age
35:04 Hand Cart
34:34 Town Watch
35:02 Murder Holes
35:37 Scale Mail Armor
35:42 Scale Barding Armor
37:43 Pikeman
38:08 Arson
39:15 Gold Shaft Mining
39:22 Crop Rotation
39:10 Loom
39:27 Town Patrol
40:28 Two-Man Saw
40:02 Bloodlines
39:52 Husbandry
39:33 Elite Magyar Huszar
40:34 Conscription
41:37 Halberdier
42:40 Chain Mail Armor
42:45 Chain Barding Armor
42:16 Fletching
42:27 Padded Archer Armor
43:20 Siege Engineers
43:25 Masonry
43:36 Ballistics
44:17 Chemistry
44:28 Hoardings
43:53 Recurve Bow
43:22 Onager
46:08 Sappers
47:39 Caravan
49:50 Plate Barding Armor
53:22 Thumb Ring
53:43 Parthian Tactics
52:39 Heavy Cavalry Archer
54:22 Bodkin Arrow
54:43 Leather Archer Armor
P4VO 5656
13:08 Feudal Age
16:49 Double-Bit Axe
20:34 Castle Age
21:01 Man-at-Arms
21:47 Scale Mail Armor
24:04 Long Swordsman
24:46 Squires
28:45 Fervor
28:56 Chain Mail Armor
29:25 Bow Saw
31:01 Caravan
32:56 Horse Collar
36:59 Pikeman
40:33 Imperial Age
45:10 Forging
46:01 Heavy Plow
47:16 Ballistas
47:32 Conscription
46:48 Heavy Scorpion
48:36 Wheelbarrow
47:33 Legionary
52:02 Comitatenses
Connection lost

Rejoining the realm…

Still unreachable

The connection could not be restored.

Session expired

The server has moved on; the page needs a fresh start.